Map: Ulrena

Players

viOLet - Winner!

  • Race: Zerg Zerg

Snute

  • Race: Zerg Zerg

Event: 2016 WCS Winter Circuit Championship

VOD

Have the link to the VOD?

Description

Time

  • Played on: March 4, 2016, 1:22 p.m.
  • Length: 7:45

All games in this series

Show
View Real Time Build Order
Export as new Build Order

viOLet Zerg - Winner!

Build Orders: Pool First 

Get SALT Encoding   

  12  0:01  Drone  
  13  0:12  Overlord  
  13  0:18  Drone  
  14  0:31  Drone x2  
  16  0:35  Drone  
  17  0:45  Spawning Pool  
  16  0:51  Drone  
  17  1:09  Hatchery  
  16  1:12  Drone  
  16  1:16  Drone  
  18  1:19  Drone  
  19  1:28  Extractor  
  19  1:29  Drone  
  19  1:33  Queen  
  21  1:42  Overlord  
  21  1:57  Zergling x2  
  22  2:02  Roach Warren  
  22  2:03  Zergling x2  
  22  2:09  Queen  
  22  2:12  Drone  
  25  2:22  Drone  
  26  2:42  Roach x2  
  26  2:43  Roach x2  
  34  2:44  Roach  
  34  2:47  Overlord  
  36  2:56  Overlord  
  36  3:06  Drone x3  
  36  3:07  Drone  
  36  3:10  Drone  
  41  3:18  Drone  
  41  3:19  Drone x3  
  45  3:25  Overlord  
  45  3:29  Drone  
  46  3:36  Drone x2  
  46  3:41  Drone  
  46  3:43  Overlord  
  46  3:47  Drone  
  48  3:51  Roach x2  
  48  3:52  Roach  
  48  3:55  Roach  
  52  3:59  Roach  
  52  4:01  Roach  
  50  4:03  Roach  
  50  4:05  Roach  
  56  4:10  Roach  
  56  4:16  Roach  
  58  4:20  Roach  
  58  4:21  Zergling x2  
  63  4:26  Overlord  
  63  4:30  Roach  
  63  4:31  Zergling x2  
  63  4:32  Zergling x6  
  65  4:40  Roach, Zergling x2  
  65  4:44  Zergling x2  
  64  4:46  Roach  
  64  4:48  Zergling x2  
  62  4:54  Queen  
  59  5:00  Zergling x2, Roach  
  59  5:04  Drone x3  
  65  5:08  Extractor  
  65  5:10  Drone x2  
  65  5:11  Drone x2  
  65  5:13  Overlord  
  68  5:19  Drone  
  67  5:22  Drone  
  67  5:31  Drone  
  67  5:35  Drone, Evolution Chamber  
  66  5:37  Roach x2  
  66  5:38  Roach  
  66  5:41  Hatchery  
  71  5:47  Drone x2  
  73  5:50  Extractor  
  73  5:54  Roach x4  
  75  6:07  Overlord x2  
Show
View Real Time Build Order
Export as new Build Order

Snute Zerg 

Build Orders: Pool First 

Get SALT Encoding   

  12  0:00  Drone  
  13  0:12  Overlord  
  13  0:17  Drone  
  14  0:30  Drone x2  
  14  0:34  Drone  
  17  0:44  Spawning Pool  
  17  0:48  Drone  
  17  1:10  Hatchery  
  16  1:14  Overlord  
  16  1:31  Queen  
  16  1:32  Zergling x4  
  20  1:34  Zergling x2  
  21  1:43  Drone  
  22  1:48  Extractor  
  22  1:54  Drone  
  22  2:05  Drone  
  22  2:07  Queen  
  25  2:16  Drone  
  25  2:22  Drone  
  27  2:26  Drone  
  28  2:33  Drone  
  29  2:38  Drone  
  29  2:39  Drone x3  
  33  2:46  Roach Warren  
  33  2:47  Overlord  
  33  2:49  Drone  
  33  2:54  Overlord  
  33  3:26  Roach x5  
  45  3:27  Roach x3  
  47  3:34  Queen  
  47  3:37  Roach  
  47  3:40  Overlord  
  49  3:43  Zergling x2  
  49  3:45  Zergling x2  
  43  3:58  Zergling x2  
  43  3:59  Zergling x4  
  43  4:07  Ravager  
  43  4:08  Zergling x4  
  46  4:13  Zergling x2  
  46  4:16  Zergling x2  
  48  4:19  Zergling x2  
  48  4:21  Zergling x2  
  50  4:28  Zergling x2  
  50  4:31  Ravager  
  52  4:37  Drone x2  
  51  4:42  Drone x2  
  51  4:43  Drone  
  48  4:46  Drone  
  48  4:48  Drone  
  43  4:53  Drone  
  43  4:55  Drone  
  39  5:05  Roach  
  40  5:07  Roach  
  40  5:13  Roach  
  44  5:24  Queen  
  44  5:28  Roach x3  
  39  5:36  Roach  
  39  5:40  Queen  
  37  5:43  Zergling x2  
  34  5:54  Roach  
  35  5:57  Roach  
  35  6:03  Drone  
Tags
 
Add a new tag
Caveats
  • Supply blocks, unpowered buildings, or Contaminate may cause inaccurate times.
  • Supply counts are checked every 10 seconds.